 Dungeon Crawl Stone Soup version 0.24.0-37-gcf1ca852f1 (webtiles) character file.

Game seed: 18080182574948691505, levelgen mode: deterministic

56849 lepoulpe303 the Impaler (level 14, 0/177 HPs)
             Began as a Merfolk Fighter on Dec 5, 2019.
             Was a High Priest of Okawaru.
             Slain by an orc warrior
             ... wielding a +0 dire flail
              (12 damage)
             ... on level 1 of the Orcish Mines on Dec 6, 2019.
             The game lasted 02:04:32 (26226 turns).

lepoulpe303 the Impaler (Merfolk Fighter)          Turns: 26226, Time: 02:04:32

Health: 0/177      AC: 26    Str: 25    XL:     14   Next: 83%
Magic:  0/22       EV: 11    Int:  7    God:    Okawaru [*****.]
Gold:   1082       SH:  0    Dex: 15    Spells: 13/13 levels left

rFire    . . .     SeeInvis .   a - +7 halberd (chop)
rCold    . . .     Gourm    .   (shield currently unavailable)
rNeg     . . .     Faith    .   J - +0 crystal plate armour
rPois    .         Spirit   +   o - +1 helmet
rElec    .         Reflect  .   v - scarf {cloud immunity}
rCorr    .         Harm     .   x - +0 pair of gloves
MR       +....                  m - +0 pair of boots
Stlth    ..........             G - amulet of guardian spirit {Spirit}
HPRegen  0.39/turn              F - +1 ring of protection
MPRegen  0.18/turn              (no ring)

@: berserking, very quick
A: change form in water, swift swim, stealthy swim
a: Heroism, Finesse, Renounce Religion


You were on level 1 of the Orcish Mines.
You worshipped Okawaru.
Okawaru was extremely pleased with you.
You were not hungry.

You visited 3 branches of the dungeon, and saw 20 of its levels.

You collected 1192 gold pieces.
You spent 110 gold pieces at shops.

Inventory:

Hand Weapons
 a - a +7 halberd of chopping (weapon)
 b - a +1 demon trident of venom
Missiles
 c - 9 atropa-tipped darts
 k - 21 boomerangs
 A - 47 poisoned darts (quivered)
 U - 4 javelins
Armour
 m - a +0 pair of boots (worn)
 o - a +1 helmet (worn)
 v - a scarf of cloud immunity (worn)
 x - a +0 pair of gloves (worn)
 y - a +0 hat of see invisible {sInv}
 B - a +1 ring mail of fire resistance {rF+}
 J - a +0 crystal plate armour (worn)
 Q - a +0 shield
 R - a +1 chain mail of poison resistance {rPois}
Jewellery
 F - a +1 ring of protection (left hand)
 G - an amulet of guardian spirit (around neck) {Spirit}
Wands
 n - a wand of polymorph (15)
 r - a wand of clouds (3)
 D - a wand of digging (5)
 O - a wand of scattershot (2)
 S - a wand of iceblast (5)
 X - a wand of enslavement (6)
 Z - a wand of flame (18)
Scrolls
 f - 3 scrolls of fog
 g - a scroll of holy word {unknown}
 i - 2 scrolls of identify
 p - a scroll of random uselessness {unknown}
 t - 7 scrolls of teleportation
 w - 6 scrolls of remove curse
 C - 2 scrolls of immolation {!r}
 L - a scroll of torment {unknown}
 P - a scroll of blinking {unknown}
 W - a scroll of magic mapping {!r}
Potions
 d - 3 potions of might
 h - a potion of magic {unknown}
 j - 2 potions of ambrosia
 l - 5 potions of heal wounds
 q - 2 potions of curing
 s - 4 potions of agility
 u - 2 potions of haste
 z - 3 potions of flight
 E - 2 potions of invisibility
 K - 2 potions of lignification {!q}
 M - a potion of cancellation {unknown}
 N - a potion of brilliance {unknown}
 Y - a potion of resistance {unknown}
Miscellaneous
 H - a phial of floods
 I - a fan of gales (inert)
Comestibles
 e - 34 rations


   Skills:
 + Level 13.4 Fighting
 - Level 16.0 Polearms
 * Level 9.7 Armour
 + Level 12.8 Dodging
 - Level 3.9 Shields
 + Level 11.5 Invocations
 * Level 3.4 Evocations


You had 13 spell levels left.
You didn't know any spells.
Your spell library contained the following spells:

 Spells                   Type           Power        Failure   Level  Hunger
 Animate Skeleton         Necr           N/A          100%        1    ##.....
 Beastly Appendage        Tmut           #.....       100%        1    ##.....
 Confusing Touch          Hex            #.....       100%        1    ##.....
 Pain                     Necr           #...         100%        1    ##.....
 Corpse Rot               Necr           N/A          100%        2    ###....
 Confuse                  Hex            #.......     100%        3    ####...
 Gell's Gravitas          Tloc           #.........   100%        3    ####...
 Ignite Poison            Fire/Tmut/Pois #.......     100%        3    ####...
 Ozocubu's Armour         Chrm/Ice       #.......     100%        3    ####...
 Regeneration             Chrm/Necr      #.........   100%        3    ####...
 Static Discharge         Conj/Air       #.......     100%        3    ####...
 Stone Arrow              Conj/Erth      #.....       100%        3    ####...
 Vampiric Draining        Necr           #.........   100%        3    ####...
 Animate Dead             Necr           N/A          100%        4    #####..
 Leda's Liquefaction      Hex/Erth       #.........   100%        4    #####..
 Petrify                  Tmut/Erth      #.......     100%        4    #####..
 Fireball                 Conj/Fire      #.........   100%        5    ######.
 Lightning Bolt           Conj/Air       #.........   100%        5    ######.
 Metabolic Englaciation   Hex/Ice        #.........   100%        5    ######.
 Summon Forest            Summ/Tloc      #.........   100%        5    ######.
 Yara's Violent Unravell  Hex/Tmut       #.........   100%        5    ######.
 Bolt of Fire             Conj/Fire      #.........   100%        6    #######
 Hydra Form               Tmut           #.........   100%        6    #######
 Ring of Flames           Chrm/Fire      #.........   100%        7    #######
 Summon Hydra             Summ           #.........   100%        7    #######
 Ignition                 Fire           #.........   100%        8    #######
 Shatter                  Erth           #.........   100%        9    #######
 Tornado                  Air            #.........   100%        9    #######


Dungeon Overview and Level Annotations

Branches:
Dungeon (12/15)            Temple (0/1) D:4            Lair (6/6) D:11
 Shoals (0/4) Lair:3        Snake (0/4) Lair:3        Slime (0/5) Lair:5
    Orc (2/2) D:9
    Elf: Orc:2

Altars:
Cheibriados
Dithmenos
Fedhas
Gozag
Nemelex Xobeh
Okawaru
Sif Muna
Vehumet
Xom
Jiyva

Shops:
D:4 !   D:10 (   Orc:2 (


Message History

The orc high priest hits you but does no damage.
The orc hits you but does no damage.
You take 5 damage, and have 20/118 hp.
You now have 4/22 mp.
You slice the orc high priest!!
You kill the orc high priest!
Really quaff
T - a potion of berserk rage {!q}?
A red film seems to cover your vision as you go berserk!
You feel yourself moving faster!
You feel mighty!
The two-headed ogre hits you with a +0 giant spiked club!
* * * LOW MAGIC WARNING * * *;
* * * LOW HITPOINT WARNING * * *
The two-headed ogre closely misses you. The orc warrior barely misses you.
The orc warrior hits you with a +0 war axe.
* * * LOW MAGIC WARNING * * *;
* * * LOW HITPOINT WARNING * * *
The orc hits you but does no damage.
You now have 14/177 hp.
You slice the two-headed ogre!! The orc hits you with a +0 whip.
* * * LOW HITPOINT WARNING * * *
The orc warrior hits you with a +0 dire flail!
* * * LOW MAGIC WARNING * * *
You die...

...#.....#.#.##
.......#....##
....####....#
....####....#
#...#.###..#####
.....##...#.#..###
......#...##[....#
###.....#.#....o####
# ##.#.###.....o@#.#
#
######......ooO.###
###....###....##
#....#####.....#
##.....#<[..#.##
###...#))..###
#...[..### ###...##
##..#


You could see a two-headed ogre, 2 orc warriors and 2 orcs.

Levels and vault maps discovered:
D:1:      evilmike_arrival_plus, layout_loops_ring, kennysheep_nondescript
D:2:      layout_loops_corners
D:3:      layout_basic, nicolae_overflow_hidden_temple,
          gammafunk_temple_overflow_statue, uniq_terence, uniq_robin
D:4:      minmay_wonky_spiral, layout_basic, temple_pool_b, serial_shops,
          nicolae_shop_temple_entry_statues_fountains, first_ration,
          nemelex_dance_club_becter
D:5:      layout_loops_ring
D:6:      layout_loops_ring, uniq_crazy_yiuf_cottage, uniq_pikel
D:7:      layout_layer_cave, basic_altar, the_bakery, hangedman_decor_points,
          chequers_jeans
D:8:      minmay_the_grid_square_5x5_3x3
          [minmay_the_grid_square_5x5_two_walls_b,
          minmay_the_grid_square_5x5_one_wall,
          minmay_the_grid_square_5x5_spiral, minmay_the_grid_square_5x5_inner_v,
          minmay_the_grid_square_5x5_megaprize_diamond,
          minmay_the_grid_square_5x5_gyroscope,
          minmay_the_grid_square_5x5_two_walls_a,
          minmay_the_grid_square_5x5_doubleslash,
          minmay_the_grid_square_5x5_checkered], layout_gridville,
          xom_teletrap_fun, led_sif_book, okawaru_altar_gauntlet_db
D:9:      layout_basic, david_orc_4
D:10:     layout_cave_pools, serial_shops, shop, basic_altar, uniq_psyche
D:11:     layout_irregular_city, david_lair_shrubbed, serial_ice, serial_ice_o,
          serial_ice_a, serial_ice_e, serial_ice_k, serial_ice_g, serial_ice_d,
          portal_ice_cave_entry_imps, uniq_harold
D:12:     layout_basic, serial_shops, shop
Lair:1:   layout_misc_corridors, ebering_ghost_rock_garden,
          dpeg_stationary_puzzle
Lair:2:   layout_long_grid
Lair:3:   layout_chaotic_city, minmay_shoals_entry_centaurs,
          minmay_snake_entry_six_corridors, infiniplex_staircase_pool_2
Lair:4:   layout_cave_pods
Lair:5:   layout_loops_ring, slime_altar_1, lemuel_fruit_tree,
          grunt_megastairs_2
Lair:6:   grunt_lair_end_beastmaster, layout_regular_city,
          ebering_ghost_reflecting_pool, grunt_megastairs_3
Orc:1:    layout_diamond_mine, mines2_david, uniq_maurice
Orc:2:    grunt_orc_gardens, layout_caves, grunt_orc_garden, grunt_orc_garden,
          grunt_orc_garden, grunt_orc_garden

Notes
Turn   | Place    | Note
-------+----------+-------------------------------------------
     0 | D:1      | lepoulpe303 the Merfolk Fighter began the quest for the
                  | Orb.
     0 | D:1      | Reached XP level 1. HP: 18/18 MP: 1/1
    38 | D:1      | Identified a +0 club
    40 | D:1      | Identified a +0 club
   335 | D:1      | Reached XP level 2. HP: 24/24 MP: 2/2
   424 | D:1      | Identified a +0 short sword
   429 | D:1      | Identified a +0 club
   494 | D:1      | Reached skill level 1 in Dodging
   517 | D:1      | Identified a +0 dagger
   647 | D:1      | Identified a +0 club
   671 | D:1      | Identified a +2 hat (You found it on level 1 of the
                  | Dungeon)
   954 | D:1      | Identified a +0 pair of boots (You found it on level 1 of
                  | the Dungeon)
  1020 | D:2      | Identified a +0 whip
  1028 | D:2      | Identified a +0 whip
  1028 | D:2      | Reached XP level 3. HP: 30/30 MP: 3/3
  1036 | D:2      | Identified a +0 hunting sling
  1348 | D:2      | Noticed a bullfrog
  1366 | D:2      | Killed a bullfrog
  1366 | D:2      | Reached skill level 4 in Fighting
  1366 | D:2      | Reached skill level 4 in Polearms
  1366 | D:2      | Reached skill level 2 in Dodging
  1366 | D:2      | Reached XP level 4. HP: 10/37 MP: 4/4
  1729 | D:2      | Identified a +0 short sword
  1742 | D:2      | Reached XP level 5. HP: 42/43 MP: 5/5
  1756 | D:2      | Identified a +0 club
  1965 | D:2      | Reached skill level 5 in Polearms
  2174 | D:2      | Identified a +0 helmet (You found it on level 2 of the
                  | Dungeon)
  2185 | D:2      | Identified 2 scrolls of fog
  2212 | D:3      | Identified a +0 whip
  2212 | D:3      | Identified a +0 animal skin
  2212 | D:3      | Identified a +1 helmet
  2212 | D:3      | Noticed Robin
  2212 | D:3      | Identified a +0 club
  2212 | D:3      | Identified a cursed -3 club
  2212 | D:3      | Identified a +0 club
  2212 | D:3      | Identified a +0 club
  2212 | D:3      | Identified a +0 dagger of venom
  2212 | D:3      | Identified a +0 club
  2212 | D:3      | Identified a +0 club
  2212 | D:3      | Identified a +0 club
  2213 | D:3      | Identified a +0 club
  2231 | D:2      | Killed Robin
  2324 | D:3      | Identified a +0 hunting sling
  2324 | D:3      | Identified a +0 leather armour
  2333 | D:3      | Identified a +0 dagger
  2333 | D:3      | Identified a +0 hunting sling
  2333 | D:3      | Identified a +0 ring mail
  2409 | D:3      | Identified a +0 club
  2411 | D:3      | Identified a +2 flail of protection
  2411 | D:3      | Identified a +0 scale mail
  2411 | D:3      | Noticed Terence
  2432 | D:3      | Killed Terence
  2575 | D:3      | Identified a +0 club
  2662 | D:3      | Found an iron altar of Okawaru.
  2663 | D:3      | Found a snail-covered altar of Cheibriados.
  2670 | D:3      | Became a worshipper of Warmaster Okawaru
  2688 | D:3      | Identified a +0 short sword
  2689 | D:3      | Identified a +0 dagger
  2689 | D:3      | Identified a +0 robe
  2689 | D:3      | Identified a +0 flail
  2743 | D:3      | Reached XP level 6. HP: 20/50 MP: 6/6
  2772 | D:3      | Found a shadowy altar of Dithmenos.
  3020 | D:3      | Found an opulent altar of Gozag.
  3021 | D:3      | Found a blossoming altar of Fedhas.
  3221 | D:3      | Identified a +0 pair of gloves (You found it on level 3 of
                  | the Dungeon)
  3238 | D:4      | Identified a +0 flail
  3239 | D:4      | Identified a +0 whip
  3240 | D:4      | Identified a +2 war axe of chopping
  3263 | D:4      | Reached skill level 5 in Fighting
  3263 | D:4      | Reached skill level 3 in Dodging
  3572 | D:4      | Reached skill level 6 in Polearms
  3633 | D:4      | Found a staircase to the Ecumenical Temple.
  3640 | D:4      | Identified a +1 dagger of holy wrath
  3640 | D:4      | Identified a +0 morningstar
  3640 | D:4      | Identified a +3 scale mail
  3765 | D:4      | Identified a +0 short sword
  3765 | D:4      | Identified a +0 hunting sling
  3785 | D:4      | Identified a +0 flail
  3904 | D:4      | Identified a +0 cloak (You found it on level 4 of the
                  | Dungeon)
  3944 | D:4      | Identified a +0 shortbow
  3962 | D:4      | Reached skill level 3 in Armour
  3962 | D:4      | Reached XP level 7. HP: 37/56 MP: 7/7
  4117 | D:4      | Found Vaiseun's Distillery.
  4123 | D:4      | Bought 2 potions of heal wounds for 110 gold pieces
  4266 | D:4      | You fall into a shaft and drop 1 floor!
  4266 | D:5      | Entered Level 5 of the Dungeon
  4394 | D:4      | Identified a scarf of cloud immunity (You found it on level
                  | 4 of the Dungeon)
  4395 | D:4      | Identified 3 scrolls of identify
  4395 | D:4      | Identified a ring of wizardry (You found it on level 2 of
                  | the Dungeon)
  4396 | D:4      | Identified 3 scrolls of remove curse
  4397 | D:4      | Identified a ring of attention (You found it on level 1 of
                  | the Dungeon)
  4429 | D:4      | Identified a +0 club
  4440 | D:4      | Found a sparkling altar of Nemelex Xobeh.
  4573 | D:5      | Identified a +0 flail
  4573 | D:5      | Identified a +0 leather armour
  4579 | D:5      | Identified a +0 flail
  4580 | D:5      | Identified a +0 falchion
  4582 | D:5      | Identified a +0 dagger
  4582 | D:5      | Identified a cursed +0 leather armour
  4582 | D:5      | Identified a +0 flail
  4582 | D:5      | Identified a +0 chain mail
  4585 | D:5      | Identified a +0 dagger
  4605 | D:5      | Reached * piety under Okawaru
  4665 | D:5      | Reached skill level 7 in Polearms
  4667 | D:5      | Identified a +0 whip
  4667 | D:5      | Identified a +0 whip
  4667 | D:5      | Identified a +0 falchion
  4667 | D:5      | Identified a +0 leather armour
  4667 | D:5      | Identified a +0 mace
  4667 | D:5      | Identified a +0 ring mail
  4708 | D:5      | Identified a +0 dagger
  4708 | D:5      | Identified a +0 robe
  4712 | D:5      | Identified a cursed -2 club
  4713 | D:5      | Identified a +0 dagger
  4713 | D:5      | Identified a +0 robe
  4714 | D:5      | Identified a +0 dagger
  4714 | D:5      | Identified a +0 robe
  4725 | D:5      | Reached skill level 4 in Dodging
  4758 | D:5      | Reached skill level 6 in Fighting
  4762 | D:5      | HP: 14/58 [orc wizard/magic dart (7)]
  4775 | D:5      | HP: 13/58 [orc wizard/+0 dagger (4)]
  5095 | D:5      | Identified a +0 club
  5095 | D:5      | Identified an uncursed ring of flight
  5096 | D:5      | Identified a +0 dagger
  5096 | D:5      | Identified a +0 robe
  5097 | D:5      | Identified a +0 dagger
  5097 | D:5      | Identified a +0 robe
  5097 | D:5      | Identified a +0 leather armour
  5098 | D:5      | Identified a +0 flail
  5138 | D:5      | Reached XP level 8. HP: 57/65 MP: 8/8
  5228 | D:5      | Identified a +0 whip
  5228 | D:5      | Identified a +0 leather armour
  5253 | D:5      | Reached skill level 8 in Polearms
  5520 | D:5      | Got a crude ruby amulet
  5618 | D:6      | Identified a +0 whip of freezing
  5618 | D:6      | Identified a +0 robe
  5618 | D:6      | Noticed Pikel
  5643 | D:6      | Killed Pikel
  5643 | D:6      | Reached skill level 7 in Fighting
  5643 | D:6      | Reached skill level 9 in Polearms
  5643 | D:6      | Reached skill level 5 in Dodging
  5684 | D:6      | Identified a +0 war axe
  5684 | D:6      | Identified a +0 club
  5685 | D:6      | Identified a +0 dagger
  5685 | D:6      | Identified a +0 leather armour
  5685 | D:6      | Identified a +0 flail
  5685 | D:6      | Identified a +0 leather armour
  5721 | D:6      | Reached ** piety under Okawaru
  5752 | D:6      | Identified a +0 shortbow
  5765 | D:6      | Reached XP level 9. HP: 73/73 MP: 6/9
  5813 | D:6      | Reached skill level 4 in Armour
  5887 | D:6      | Reached skill level 6 in Dodging
  5932 | D:6      | Identified a +0 shortbow
  5939 | D:6      | Reached skill level 10 in Polearms
  6043 | D:6      | Identified a +0 club
  6043 | D:6      | Identified a +0 hand axe
  6043 | D:6      | Identified a +0 hand axe
  6109 | D:6      | Reached skill level 8 in Fighting
  6113 | D:6      | Identified a +0 shortbow
  6263 | D:6      | Found a runed translucent door.
  6264 | D:6      | Identified a +2 quarterstaff of chaos
  6264 | D:6      | Identified a +0 cloak
  6264 | D:6      | Noticed Crazy Yiuf
  6271 | D:6      | Killed Crazy Yiuf
  6312 | D:7      | Found a radiant altar of Vehumet.
  6773 | D:7      | Identified a +0 dagger
  6773 | D:7      | Identified a +0 robe
  6862 | D:7      | Reached *** piety under Okawaru
  6872 | D:7      | Identified a +0 short sword
  7317 | D:7      | Reached skill level 11 in Polearms
  7613 | D:8      | Identified the amulet of the Endless Expanse {Harm *Drain
                  | +Fly rC+ MR+ Str-5} (You found it on level 5 of the
                  | Dungeon)
  7628 | D:8      | Identified a +0 dagger of speed
  7628 | D:8      | Identified a +0 robe
  7629 | D:8      | Identified a +0 falchion
  7629 | D:8      | Identified a +0 dagger
  7629 | D:8      | Identified a +0 robe
  7740 | D:8      | Identified a +5 mace
  7740 | D:8      | Identified a +0 robe
  7760 | D:8      | Identified a cursed +3 long sword
  7760 | D:8      | Identified a +0 robe of cold resistance
  7777 | D:8      | Reached skill level 9 in Fighting
  7815 | D:8      | Reached skill level 7 in Dodging
  7853 | D:8      | Noticed a white ugly thing
  7853 | D:8      | Identified a +3 shortbow
  7974 | D:6      | Identified a +0 glaive (You found it on level 6 of the
                  | Dungeon)
  7975 | D:6      | Identified an amulet of guardian spirit (You found it on
                  | level 8 of the Dungeon)
  8297 | D:8      | Identified an amulet of inaccuracy (You found it on level 8
                  | of the Dungeon)
  8323 | D:8      | Found a shimmering altar of Xom.
  8355 | D:8      | Identified a +4 mace
  8355 | D:8      | Identified a cursed +0 robe
  8356 | D:8      | Identified a cursed +0 scimitar
  8356 | D:8      | Identified a +0 robe
  8356 | D:8      | Identified a cursed +5 mace of freezing
  8356 | D:8      | Identified a +0 robe
  8393 | D:8      | Reached XP level 10. HP: 59/83 MP: 5/10
  8482 | D:8      | Identified a +0 hand axe
  8482 | D:8      | Identified a +0 leather armour
  8556 | D:8      | Identified a +0 mace
  8556 | D:8      | Identified a +0 chain mail
  8719 | D:8      | Found a shimmering blue altar of Sif Muna.
  8721 | D:8      | Identified a +0 dagger
  8721 | D:8      | Identified a +0 robe
  8728 | D:8      | Identified a +0 dagger
  8728 | D:8      | Identified a +0 robe
  8744 | D:8      | Identified Sif Muna's Reference Book on Changing
  8824 | D:8      | Identified a +0 giant spiked club
  8976 | D:8      | Found an iron altar of Okawaru.
  9065 | D:8      | Identified a +1 shortbow of flaming
  9128 | D:8      | Killed a white ugly thing
  9128 | D:8      | Reached **** piety under Okawaru
  9128 | D:8      | Reached skill level 12 in Polearms
  9307 | D:8      | Identified a +1 leather armour of poison resistance (You
                  | found it on level 8 of the Dungeon)
  9317 | D:8      | Identified a +1 ring mail of fire resistance (You found it
                  | on level 7 of the Dungeon)
  9396 | D:9      | Reached skill level 1 in Invocations
  9402 | D:9      | Reached skill level 5 in Armour
  9406 | D:9      | Reached skill level 10 in Fighting
  9406 | D:9      | Reached skill level 8 in Dodging
  9555 | D:9      | Reached skill level 2 in Invocations
  9583 | D:9      | Identified a +0 glaive
  9583 | D:9      | Identified a +0 plate armour
  9583 | D:9      | Identified a +2 dagger of speed
  9583 | D:9      | Identified a +0 leather armour
  9583 | D:9      | Identified a +0 flail
  9583 | D:9      | Identified a +0 hunting sling
  9583 | D:9      | Identified a cursed +0 leather armour
  9583 | D:9      | Identified a +0 flail
  9583 | D:9      | Identified a +0 plate armour
  9589 | D:9      | Identified a +0 dagger
  9589 | D:9      | Identified a +0 robe
  9595 | D:9      | Identified a +0 dagger
  9595 | D:9      | Identified a cursed +0 robe
  9658 | D:9      | Identified a +0 war axe
  9665 | D:9      | Identified a +0 flail
  9667 | D:9      | Identified a +0 dagger
  9667 | D:9      | Identified a +0 robe
  9667 | D:9      | Identified a +0 flail
  9667 | D:9      | Identified a +0 chain mail
  9667 | D:9      | Identified a +0 whip
  9807 | D:9      | Identified a +0 dagger
  9807 | D:9      | Identified a +0 robe
  9830 | D:9      | Identified a +2 glaive of flaming
  9830 | D:9      | Identified a +0 plate armour
  9836 | D:9      | Identified a +0 falchion
  9836 | D:9      | Identified a +0 ring mail
  9849 | D:9      | Found a staircase to the Orcish Mines.
  9971 | D:9      | Identified 2 scrolls of immolation
 10127 | D:9      | Identified an amulet of the gourmand (You found it on level
                  | 9 of the Dungeon)
 10223 | D:9      | Identified a +2 spear of freezing
 10228 | D:9      | Identified a +0 club
 10294 | D:9      | Reached skill level 3 in Invocations
 10523 | D:10     | Entered Level 10 of the Dungeon
 10523 | D:10     | Found Woosoh's Weapon Boutique.
 10524 | D:10     | Identified a +0 dagger
 10524 | D:10     | Identified a +0 dagger
 10525 | D:10     | Identified a +2 antimagic dagger
 10527 | D:10     | Identified a cursed -2 short sword
 10594 | D:10     | Reached ***** piety under Okawaru
 10621 | D:10     | Noticed a four-headed hydra
 10623 | D:10     | Identified a +0 club
 10623 | D:10     | Identified a +0 leather armour
 10625 | D:10     | Identified a +0 flail
 10625 | D:10     | Identified a +0 leather armour
 10626 | D:10     | Identified a +0 trident
 10629 | D:10     | Identified a +0 halberd
 10629 | D:10     | Identified a +0 chain mail
 10630 | D:10     | Identified a cursed +0 hand axe
 10630 | D:10     | Identified a +1 chain mail of poison resistance
 10635 | D:10     | Identified a +0 hand axe
 10635 | D:10     | Identified a +0 leather armour
 10637 | D:10     | Killed a four-headed hydra
 10637 | D:10     | Received a gift from Okawaru
 10637 | D:10     | Reached skill level 13 in Polearms
 10637 | D:10     | Reached XP level 11. HP: 74/92 MP: 8/13
 10659 | D:10     | Reached skill level 4 in Invocations
 10865 | D:10     | Identified a +0 giant spiked club
 10865 | D:10     | Identified a +0 dire flail
 10865 | D:10     | Noticed a two-headed ogre
 10874 | D:10     | Killed a two-headed ogre
 11009 | D:10     | Identified a +0 dagger
 11009 | D:10     | Identified a +0 robe
 11011 | D:10     | Identified a +2 dagger of venom
 11011 | D:10     | Identified a +0 robe
 11011 | D:10     | Identified a +0 dagger
 11011 | D:10     | Identified a +0 robe
 11014 | D:10     | Identified a +0 glaive
 11014 | D:10     | Identified a cursed -2 plate armour
 11020 | D:10     | Identified a +2 dagger of venom
 11020 | D:10     | Identified a +0 robe
 11020 | D:10     | Identified a +0 ring mail
 11027 | D:10     | Identified a +0 flail
 11027 | D:10     | Identified a +0 scale mail
 11151 | D:10     | Found a snail-covered altar of Cheibriados.
 11290 | D:10     | Identified a +0 giant spiked club
 11290 | D:10     | Identified a +0 giant club
 11290 | D:10     | Noticed a two-headed ogre
 11305 | D:10     | Killed a two-headed ogre
 11305 | D:10     | Reached skill level 9 in Dodging
 11305 | D:10     | Reached skill level 5 in Invocations
 11521 | D:10     | Identified a +2 dagger of chaos
 11521 | D:10     | Identified a +2 robe of the Archmagi
 11521 | D:10     | Noticed Psyche
 11538 | D:10     | Killed Psyche
 11538 | D:10     | Reached skill level 11 in Fighting
 11791 | D:11     | HP: 23/93 [yak (2)]
 12227 | D:11     | Received a gift from Okawaru
 12239 | D:11     | Identified a +0 crystal plate armour (Okawaru gifted it to
                  | you on level 11 of the Dungeon)
 12278 | D:11     | Identified a +0 halberd
 12278 | D:11     | Noticed a skeletal warrior
 12278 | D:11     | Identified a +0 scimitar
 12278 | D:11     | Identified a +0 scale mail
 12278 | D:11     | Noticed a skeletal warrior
 12318 | D:11     | Killed a skeletal warrior
 12318 | D:11     | Reached skill level 14 in Polearms
 12519 | D:11     | Identified a +0 long sword
 12519 | D:11     | Noticed a skeletal warrior
 12544 | D:10     | Killed a skeletal warrior
 12544 | D:10     | Reached skill level 6 in Invocations
 12617 | D:11     | Identified a +0 giant spiked club
 12617 | D:11     | Noticed a manticore
 12617 | D:11     | Identified a +0 mace
 12618 | D:11     | Identified a +0 war axe
 12620 | D:11     | Identified a +0 mace
 12632 | D:10     | Killed a manticore
 12663 | D:10     | Identified 3 scrolls of enchant weapon
 12691 | D:10     | Identified a ring of teleportation (You found it on level
                  | 11 of the Dungeon)
 12717 | D:11     | Killed a skeletal warrior
 12787 | D:11     | HP: 23/93 [komodo dragon (18)]
 13100 | D:11     | Identified a +0 robe
 13115 | D:11     | Reached XP level 12. HP: 94/100 MP: 14/16
 13134 | D:11     | Found a staircase to the Lair.
 13148 | D:11     | Reached skill level 6 in Armour
 13198 | D:11     | Identified a cursed -1 giant club
 13254 | D:11     | Identified a +0 dagger
 13254 | D:11     | Identified a +0 robe
 13254 | D:11     | Identified a +0 hand axe
 13271 | D:11     | Identified a +0 whip
 13300 | D:11     | Identified a +0 dagger
 13300 | D:11     | Identified a +0 robe
 13302 | D:11     | Identified a +0 spear
 13302 | D:11     | Identified a +0 ring mail
 13304 | D:11     | Identified a cursed -3 dagger
 13304 | D:11     | Identified a +0 robe of fire resistance
 13305 | D:11     | Identified a cursed -2 scimitar
 13305 | D:11     | Identified a +0 plate armour
 13307 | D:11     | Identified a +0 war axe
 13307 | D:11     | Identified a +0 ring mail
 13307 | D:11     | Noticed Harold
 13371 | D:11     | Killed Harold
 13386 | D:11     | Identified a +0 mace
 13386 | D:11     | Identified a +0 hand axe
 13386 | D:11     | Identified a +0 ring mail
 13387 | D:11     | Identified a +0 hand axe
 13388 | D:11     | Identified a +0 hand axe
 13388 | D:11     | Identified a +0 leather armour
 13397 | D:11     | Identified a +0 giant club
 13400 | D:11     | Identified a +0 dagger
 13400 | D:11     | Identified a +0 chain mail
 13402 | D:11     | Identified a +0 falchion
 13405 | D:11     | Identified a +0 flail
 13413 | D:11     | Reached skill level 7 in Invocations
 13614 | D:11     | Identified a +0 dagger
 13614 | D:11     | Identified a +0 robe
 13635 | D:11     | Identified a +1 short sword of draining
 13635 | D:11     | Identified a +0 leather armour
 13762 | D:11     | Identified 2 potions of ambrosia
 13867 | D:11     | Identified a +2 glaive
 13867 | D:11     | Identified a +0 chain mail
 13867 | D:11     | Noticed a death knight
 13869 | D:11     | Identified 5 scrolls of teleportation
 14109 | D:11     | Killed a death knight
 14110 | D:11     | HP: 15/101 [phantasmal warrior[a death knight] (20)]
 14515 | D:11     | Reached skill level 10 in Dodging
 14891 | D:11     | Reached skill level 15 in Polearms
 14995 | Lair:1   | Entered Level 1 of the Lair of Beasts
 15394 | Lair:1   | Reached skill level 8 in Invocations
 15548 | Lair:1   | Reached skill level 12 in Fighting
 15636 | Lair:1   | Found a runed translucent gate.
 15636 | Lair:1   | Found a runed translucent gate.
 15636 | Lair:1   | Found a runed translucent gate.
 15649 | Lair:1   | Noticed Zusoliwk's ghost (journeyman CeHu)
 15736 | Lair:1   | Reached skill level 7 in Armour
 16030 | Lair:2   | Received a gift from Okawaru
 16089 | Lair:2   | Noticed a four-headed hydra
 16090 | Lair:2   | Identified a +1 demon trident of venom (Okawaru gifted it
                  | to you on level 2 of the Lair of Beasts)
 16105 | Lair:2   | Killed a four-headed hydra
 16215 | D:11     | Identified a +0 shield
 16686 | Lair:2   | Reached XP level 13. HP: 108/108 MP: 19/19
 16915 | Lair:2   | Reached skill level 9 in Invocations
 17318 | Lair:2   | Identified 4 scrolls of amnesia
 17319 | Lair:2   | Identified 3 scrolls of noise
 17576 | Lair:3   | Found a staircase to the Snake Pit.
 17623 | Lair:2   | HP: 27/108 [poisoned by a black mamba]
 17629 | Lair:2   | HP: 27/108 [poisoned by a black mamba]
 17637 | Lair:2   | HP: 27/108 [poisoned by a black mamba]
 17948 | Lair:3   | Reached skill level 11 in Dodging
 17960 | Lair:3   | Received a gift from Okawaru
 17970 | Lair:3   | Identified a +6 halberd of chopping (Okawaru gifted it to
                  | you on level 3 of the Lair of Beasts)
 18116 | Lair:3   | Identified 3 potions of flight
 18117 | Lair:3   | Identified 3 potions of agility
 18212 | Lair:3   | Identified a +0 shortbow
 18212 | Lair:3   | Identified a +0 shortbow
 18214 | Lair:3   | Identified a +0 shortbow
 18221 | Lair:3   | Identified a +0 shortbow
 18248 | Lair:3   | Found a staircase to the Shoals.
 18931 | Lair:4   | Identified a ring of magical power (You found it on level 4
                  | of the Lair of Beasts)
 19302 | Lair:4   | Reached skill level 16 in Polearms
 19367 | Lair:4   | Reached skill level 8 in Armour
 19592 | Lair:4   | Reached skill level 10 in Invocations
 19605 | Lair:4   | Reached ****** piety under Okawaru
 19672 | Lair:4   | Received a gift from Okawaru
 19688 | Lair:4   | Identified a +0 hat of see invisible (Okawaru gifted it to
                  | you on level 4 of the Lair of Beasts)
 20065 | Lair:4   | Identified the Guide on Self-Improvement and Changing
 20385 | Lair:4   | Identified a +3 halberd (You found it on level 4 of the
                  | Lair of Beasts)
 20925 | Lair:5   | Reached XP level 14. HP: 65/116 MP: 17/22
 21202 | Lair:5   | Found a staircase to the Slime Pits.
 21202 | Lair:5   | Found a viscous altar of Jiyva.
 21660 | Lair:6   | Entered Level 6 of the Lair of Beasts
 21812 | Lair:6   | Reached skill level 12 in Dodging
 22154 | Lair:6   | Reached skill level 11 in Invocations
 22192 | Lair:6   | Reached skill level 9 in Armour
 22193 | Lair:6   | Reached skill level 13 in Fighting
 22219 | Lair:6   | Identified 2 potions of lignification
 22220 | Lair:6   | Identified a potion of berserk rage
 22221 | Lair:6   | Identified a scroll of silence
 22680 | Lair:1   | Killed Zusoliwk's ghost
 23163 | Lair:5   | Identified 2 scrolls of vulnerability
 23203 | Lair:5   | Identified 2 scrolls of magic mapping
 23265 | Lair:6   | Received a gift from Okawaru
 23285 | Lair:5   | Identified a +1 buckler of protection (Okawaru gifted it to
                  | you on level 6 of the Lair of Beasts)
 23807 | Lair:6   | Found a runed translucent door.
 23807 | Lair:6   | Noticed Wostir's ghost (journeyman TeMo)
 24142 | Lair:6   | Reached skill level 1 in Evocations
 24209 | Lair:6   | Reached skill level 2 in Evocations
 24511 | Lair:6   | Identified a +0 troll leather armour
 24733 | Lair:6   | Identified an amulet of magic regeneration (You found it on
                  | level 6 of the Lair of Beasts)
 24930 | Lair:6   | Killed Wostir's ghost
 24941 | Lair:6   | Identified a potion of mutation
 25046 | D:11     | Identified a scroll of acquirement
 25048 | D:11     | Identified a ring of protection (You acquired it on level
                  | 11 of the Dungeon)
 25115 | Orc:1    | Entered Level 1 of the Orcish Mines
 25115 | Orc:1    | Identified a +0 dagger
 25115 | Orc:1    | Identified a +0 robe
 25115 | Orc:1    | Identified a cursed -3 whip
 25115 | Orc:1    | Identified a +0 leather armour
 25115 | Orc:1    | Identified a +0 dagger
 25115 | Orc:1    | Identified a +0 robe
 25115 | Orc:1    | Identified a +0 hand axe
 25115 | Orc:1    | Identified a +0 short sword
 25115 | Orc:1    | Identified a +0 club
 25117 | Orc:1    | Identified a cursed +0 mace
 25117 | Orc:1    | Identified a +0 chain mail
 25122 | Orc:1    | Identified a +0 mace
 25126 | Orc:1    | Identified a cursed +0 club
 25127 | Orc:1    | Identified a +0 trident
 25127 | Orc:1    | Identified a +0 plate armour
 25130 | Orc:1    | Identified a +0 club
 25130 | Orc:1    | Identified a +0 leather armour
 25173 | Orc:1    | Identified a +2 hand axe of flaming
 25173 | Orc:1    | Identified a +0 plate armour
 25178 | Orc:1    | Identified a +0 giant spiked club
 25184 | Orc:1    | Identified a +1 long sword of protection
 25184 | Orc:1    | Identified a +0 chain mail
 25199 | Orc:1    | Reached skill level 3 in Evocations
 25293 | Orc:2    | Entered Level 2 of the Orcish Mines
 25293 | Orc:2    | Found Miloodem's Antique Weapon Shoppe.
 25293 | Orc:2    | Identified a +0 battleaxe
 25293 | Orc:2    | Identified a +0 plate armour
 25293 | Orc:2    | Identified a +0 broad axe
 25293 | Orc:2    | Identified a +0 chain mail
 25293 | Orc:2    | Identified a +0 trident
 25293 | Orc:2    | Identified a +0 scale mail
 25293 | Orc:2    | Identified a +0 mace
 25293 | Orc:2    | Identified a +0 chain mail
 25293 | Orc:2    | Identified a +0 short sword
 25293 | Orc:2    | Identified a +0 chain mail
 25293 | Orc:2    | Identified a +0 halberd
 25293 | Orc:2    | Identified a +0 plate armour
 25293 | Orc:2    | Identified a +0 dagger
 25293 | Orc:2    | Identified a +0 dagger
 25294 | Orc:2    | Identified a +0 halberd
 25294 | Orc:2    | Identified a +0 battleaxe
 25294 | Orc:2    | Identified a +0 chain mail
 25295 | Orc:2    | Identified a +0 trident
 25295 | Orc:2    | Identified a cursed +0 plate armour
 25296 | Orc:2    | Identified a +0 morningstar
 25296 | Orc:2    | Identified a +0 glaive
 25296 | Orc:2    | Identified a +0 plate armour
 25296 | Orc:2    | Identified a +0 morningstar
 25296 | Orc:2    | Identified a +0 chain mail
 25296 | Orc:2    | Identified a +0 flail
 25297 | Orc:2    | Identified a +0 war axe
 25297 | Orc:2    | Identified a +0 plate armour
 25297 | Orc:2    | Identified a +0 hand axe
 25297 | Orc:2    | Identified a cursed +0 leather armour
 25297 | Orc:2    | Identified a +0 dire flail
 25297 | Orc:2    | Identified a +0 flail
 25297 | Orc:2    | Identified a +0 chain mail
 25298 | Orc:2    | Identified a +0 whip
 25298 | Orc:2    | Identified a +0 scale mail
 25419 | Orc:2    | Identified a +0 scimitar
 25419 | Orc:2    | Identified a +0 chain mail
 25419 | Orc:2    | Identified a +0 war axe
 25419 | Orc:2    | Identified a +0 plate armour
 25419 | Orc:2    | Identified a +0 dagger
 25419 | Orc:2    | Identified a +0 giant club
 25419 | Orc:2    | Identified a +1 dire flail of crushing
 25419 | Orc:2    | Identified a +0 plate armour
 25419 | Orc:2    | Identified a +2 long sword of electrocution
 25419 | Orc:2    | Identified a +0 chain mail
 25419 | Orc:2    | Noticed an orc warlord
 25419 | Orc:2    | Identified a +2 great sword
 25419 | Orc:2    | Identified a +0 chain mail
 25419 | Orc:2    | Identified a +0 dagger
 25419 | Orc:2    | Identified a +0 robe
 25419 | Orc:2    | Identified a +0 dire flail
 25419 | Orc:2    | Identified a +0 chain mail
 25419 | Orc:2    | Identified a +0 long sword
 25419 | Orc:2    | Identified a +0 chain mail
 25420 | Orc:2    | Identified a +0 giant club
 25435 | Orc:1    | HP: 8/118 [orc warrior/+0 battleaxe (22)]
 25824 | Orc:2    | Identified a +0 flail
 25824 | Orc:2    | Identified a +0 leather armour
 25825 | Orc:2    | Identified a +0 hand axe
 25825 | Orc:2    | Identified a +2 glaive of protection
 25825 | Orc:2    | Identified a +0 dire flail
 25825 | Orc:2    | Identified a cursed +0 chain mail
 25826 | Orc:2    | Identified a +0 dagger
 25826 | Orc:2    | Identified a +0 robe
 25826 | Orc:2    | Identified a +0 war axe
 25826 | Orc:2    | Identified a +0 chain mail
 25826 | Orc:2    | Identified a +0 chain mail
 25835 | Orc:2    | Identified a +0 giant spiked club
 25835 | Orc:2    | Identified a +0 giant club
 25835 | Orc:2    | Identified a +0 giant spiked club
 26211 | Orc:2    | Identified a +0 short sword
 26211 | Orc:2    | Identified a +0 plate armour
 26211 | Orc:2    | Identified a +0 short sword
 26211 | Orc:2    | Identified a +0 chain mail
 26221 | Orc:1    | HP: 25/118 [orc warrior/+0 dire flail (9)]
 26226 | Orc:1    | HP: 12/177 [orc/+0 whip[an orc knight] (2)]
 26226 | Orc:1    | Slain by an orc warrior

Table legend:
 A = Turns spent in this place as a percentage of turns spent in the entire game.
 B = Non-inter-level travel turns spent in this place as a percentage of non-inter-level travel turns spent in the entire game.
 C = Inter-level travel turns spent in this place as a percentage of turns spent in this place.
 D = Turns resting spent in this place as a percentage of non-inter-level travel turns spent in this place.
 E = Turns spent auto-exploring this place as a percentage of non-inter-level travel turns spent in this place.
 F = Non-inter-level travel turns spent in this place divided by the number of levels of this place that you've seen.
                   A       B       C       D       E      F
               +-------+-------+-------+-------+-------+----------------------
         Total | 100.0 | 100.0 |   5.4 |  35.9 |  43.2 | 1240.5
       Dungeon |  58.5 |  59.1 |   4.6 |  35.1 |  44.2 | 1221.3
          Lair |  37.2 |  36.5 |   7.1 |  33.9 |  45.6 | 1511.0
  Orcish Mines |   4.2 |   4.4 |   2.1 |  63.5 |   9.8 | 544.0
               +-------+-------+-------+-------+-------+----------------------

Table legend:
 A = Kills in this place as a percentage of kills in entire the game.
 B = Kills by you in this place as a percentage of kills by you in the entire game.
 C = Kills by friends in this place as a percentage of kills by friends in the entire game.
 D = Other kills in this place as a percentage of other kills in the entire game.
 E = Experience gained in this place as a percentage of experience gained in the entire game.
 F = Experience gained in this place divided by the number of levels of this place that you have seen.
                   A       B       C       D       E      F
               +-------+-------+-------+-------+-------+----------------------
         Total | 100.0 | 100.0 | 100.0 | 100.0 | 100.0 | 4060.7
       Dungeon |  60.9 |  60.7 | 100.0 | 100.0 |  30.3 | 2052.9
          Lair |  33.3 |  33.4 |   0.0 |   0.0 |  64.7 | 8755.7
  Orcish Mines |   5.8 |   5.8 |   0.0 |   0.0 |   5.0 | 2022.5
               +-------+-------+-------+-------+-------+----------------------

Skill      XL: |  1  2  3  4  5  6  7  8  9 10 11 12 13 14 |
---------------+-------------------------------------------+-----
Dodging        | 1 2 3 4 5 7 8 9 10 11 12 | 12.8
Fighting       | 4 5 6 7 9 10 11 12 13 | 13.4
Polearms       | 4 5 6 7 9 11 13 14 15 16 | 16.0
Armour         | 3 4 5 7 8 9 |  9.7
Invocations    | 3 6 8 10 11 | 11.5
Evocations     | 3 |  3.4
Shields        | |  3.9

Action                   |  1- 3 |  4- 6 |  7- 9 | 10-12 | 13-15 || total
-------------------------+-------+-------+-------+-------+-------++-------
Melee: Trident           |    95 |   268 |   521 |    11 |       ||   895
       Glaive            |       |       |    47 |   596 |       ||   643
       Unarmed           |       |       |       |     3 |       ||     3
       Demon trident     |       |       |       |    43 |   185 ||   228
       Halberd           |       |       |       |       |   703 ||   703
Throw: Boomerang         |    16 |    19 |    40 |   170 |       ||   245
       Dart              |       |       |       |    96 |   213 ||   309
Invok: Heroism           |       |       |     2 |     3 |     4 ||     9
       Finesse           |       |       |       |     2 |     3 ||     5
Evoke: Wand              |       |       |       |     8 |    10 ||    18
       Phial of floods   |       |       |       |     1 |       ||     1
       Fan of gales      |       |       |       |       |     1 ||     1
  Use: Scroll            |       |     1 |     6 |    10 |    13 ||    30
       Potion            |       |       |       |     1 |     4 ||     5
 Stab: Petrified         |       |       |       |       |     9 ||     9
       Invisible         |       |       |       |       |     4 ||     4
  Eat: Chunk             |     1 |     9 |    10 |    10 |    13 ||    43
       Ration            |       |       |     2 |     5 |     5 ||    12
Armor: Scale mail        |    33 |    69 |   192 |   126 |       ||   420
       Crystal plate arm |       |       |       |   253 |   476 ||   729
Dodge: Dodged            |    29 |    72 |   158 |   339 |   259 ||   857
Block: Shield            |    34 |    87 |   175 |    11 |    34 ||   341

Vanquished Creatures
  The ghost of Wostir the Carver, a journeyman TeMo of the Shining One (Lair:6)
  The ghost of Zusoliwk the Archer, a journeyman CeHu of Okawaru (Lair:1)
  6 hydras
  A death knight (D:11)
  A catoblepas (Lair:6)
  2 two-headed ogres (D:10)
  4 death yaks
  A deep troll shaman (Lair:6)
  An orc high priest (Orc:1)
  3 skeletal warriors
  An unseen horror (D:11)
  2 phantasmal warriors (D:11)
  Pikel (D:6)
  2 orc knights (Orc:1)
  An ugly thing (D:8)
  A manticore (D:10)
  8 elephants
  6 black mambas
  17 spiny frogs
  Psyche (D:10)
  A torpor snail (Lair:4)
  A rime drake (Lair:6)
  13 komodo dragons
  4 polar bears
  2 trolls
  13 blink frogs
  5 hippogriffs
  2 centaur simulacra (D:11)
  A shadow (D:9)
  3 wyverns
  A wraith (D:11)
  46 yaks
  A spriggan (D:7)
  A basilisk (Lair:4)
  3 wargs (Orc:1)
  16 water moccasins
  17 orc warriors
  3 ice beasts (D:11)
  7 porcupines
  A slave (D:6)
  A black bear (Lair:6)
  A necrophage (D:11)
  4 sky beasts
  10 wolves
  6 ogres
  10 centaurs
  2 big kobolds
  13 crocodiles
  19 bullfrogs
  A wyvern skeleton (D:9)
  7 scorpions
  7 killer bees
  5 wights (D:8)
  2 howler monkeys (D:9)
  2 electric eels (Lair:1)
  8 crimson imps
  4 jellies
  A bullfrog zombie (D:5)
  A quasit (D:11)
  9 hounds
  3 bullfrog skeletons
  7 orc priests
  23 orc wizards
  Crazy Yiuf (D:6)
  7 iguanas
  Terence (D:3)
  6 hell rats (Lair:6)
  13 worker ants
  2 hound skeletons
  3 worker ant zombies
  Robin (D:2)
  A howler monkey skeleton (D:6)
  14 adders
  3 gnolls (D:9)
  4 shadow imps
  12 white imps (D:11)
  A worker ant simulacrum (D:11)
  2 ufetubi (D:11)
  An ooze (D:4)
  3 adder skeletons (D:4)
  4 worms
  2 dart slugs (D:2)
  2 leopard geckos
  78 orcs
  7 bats
  2 giant cockroaches (D:4)
  17 goblins
  11 hobgoblins
  7 jackals
  17 kobolds
  3 quokkas
  2 ball pythons
  3 frilled lizards
  A quokka zombie (D:5)
  5 rats
584 creatures vanquished.

Vanquished Creatures (collateral kills)
  Harold (D:11)
  An orc warrior (D:11)
2 creatures vanquished.

Vanquished Creatures (others)
  An orc wizard (D:5)
  A leopard gecko (D:6)
  14 fungi
  17 plants
33 creatures vanquished.

Grand Total: 619 creatures vanquished
